 Dungeon Crawl Stone Soup version 0.30-a0-1163-gf69bf04e7a (webtiles) character file.

Game seed: 15252477804033007141

740 kae the Changer (level 7, -3/48 HPs)
             Began as a Merfolk Transmuter on Apr 28, 2023.
             Splashed by a jelly's acid (8 damage)
             ... on level 5 of the Dungeon.
             The game lasted 00:05:09 (4698 turns).

kae the Changer (Merfolk Transmuter)                Turns: 4698, Time: 00:05:10

Health: -3/48      AC: -6    Str: 11    XL:     7   Next: 75%
Magic:  0/12       EV: 20    Int: 14    God:
Gold:   213        SH:  5    Dex: 19    Spells: 3/13 levels left

rFire   . .          .
                       - Unarmed
rCold   . . .        (shield currently unavailable)
rNeg    . . .        a - melded +1 robe
rPois   x            (helmet currently unavailable)
rElec   .            (cloak currently unavailable)
rCorr   .            (gloves currently unavailable)
SInv    .            (boots currently unavailable)
Will    .....        s - amulet of reflection
Stlth   ++           (no ring)
HPRegen 0.28/turn    (no ring)
MPRegen 0.13/turn

%: reflection
@: spider-form, corroded, very slightly contaminated
A: venomous fangs, tiny, (nimble swimmer 2), (mertail)
a: End Transformation


You were on level 5 of the Dungeon.
You were a venomous arachnid creature.
You visited 1 branch of the dungeon, and saw 5 of its levels.

You collected 213 gold pieces.


Innate Abilities, Weirdness & Mutations

You are a venomous arachnid creature.
You have venomous fangs.
You are tiny and dextrous.
Your spellcasting is less reliable in this form.
Your armour is entirely melded.
You are incapable of wielding weapons or throwing items.
((You are very nimble when in or above water. (Stealth+, EV+, Speed+++)))
((Your lower body shifts to a powerful aquatic tail in water.))


   Skills:
 - Level 1.1 Fighting
 - Level 2.6 Dodging
 + Level 5.1 Unarmed Combat
 + Level 3.7 Spellcasting
 * Level 7.1 Transmutations
 * Level 3.7 Ice Magic
 - Level 2.0 Poison Magic


You had 3 spell levels left.
You knew the following spells:

 Your Spells              Type           Power      Damage    Failure   Level
a - Beastly Appendage     Tmut           44%        N/A       5%          1
b - Wereblood             Tmut           22%        N/A       7%          2
c - Spider Form           Tmut/Pois      15%        N/A       22%         3
d - Ice Form              Ice/Tmut       17%        N/A       43%         4

Your spell library contained the following spells:

 Spells                   Type           Power      Damage    Failure   Level
 Ozocubu's Armour         Ice            13%        N/A       30%         3
 Sublimation of Blood     Necr           2%         N/A       52%         2
 Dazzling Flash           Conj/Hex       4%         N/A       73%         3
 Inner Flame              Hex/Fire       2%         N/A       73%         3
 Vhi's Electric Charge    Tloc/Air       4%         N/A       73%         3
 Volatile Blastmotes      Fire/Tloc      4%         2d10      73%         3
 Yara's Violent Unravell  Hex/Tmut       6%         3d5       90%         5
 Iskenderun's Mystic Bla  Conj/Tloc      2%         2d3       97%         4
 Metabolic Englaciation   Hex/Ice        3%         N/A       99%         5
 Arcjolt                  Conj/Air       1%         1d11      100%        5
 Plasma Beam              Fire/Air       1%         2x1d12    100%        6
 Simulacrum               Ice/Necr       3%         N/A       100%        6
 Starburst                Conj/Fire      1%         6d3       100%        6
 Enfeeble                 Hex            1%         N/A       100%        7
 Summon Hydra             Summ           1%         N/A       100%        7

Inventory:

Missiles
 b - 12 javelins
 c - 52 stones
 d - 3 boomerangs of dispersal {=f!f}
 i - 4 poisoned darts
 p - 3 boomerangs
Armour
 a - a +1 robe (melded)
Jewellery
 s - an amulet of reflection (around neck)
   (You took it off an orc on level 4 of the Dungeon)
Scrolls
 e - a scroll of noise {!r}
 j - a scroll of torment {!r}
 k - a scroll of poison {!r}
 l - 2 scrolls of enchant armour
 t - a scroll of teleportation {@r4}
Potions
 f - a potion of heal wounds {@q2}
 h - a potion of experience
 m - a potion of attraction {!q}
 n - a potion of brilliance {unknown}
 o - a potion of might {unknown}
 q - a potion of flight
 r - a potion of ambrosia {unknown}
 u - a potion of mutation {unknown}

Dungeon Overview and Level Annotations

Branches:
Dungeon (5/15) Zot: 25341
 Temple: D:4-7

Altars:

#........###.#
............)##
.......
############..##
....... #...##
....... #.)..#
....... #....#
....... #....##
.......
#.....####.......
#....sJ..........
#.#######........
#. #...##.## ..
###.# .. .# .. .J
.# .#


You could see a jelly (extremely poisoned).


Message History

😎 MP[-3]
You lost 3 mp, and now have 6/12 mp.
Casting: Spider Form (dangerous; 10% risk of failure)
Confirm with . or Enter, or press ? or * to list all spells.
The spell is quite dangerous to miscast (22% risk of failure)!
Continue anyway? [Y]es or [N]o only, please.
The spell is quite dangerous to miscast (22% risk of failure)!
Continue anyway?
You miscast Ice Form.
Your body is flooded with distortional energies.
You are lightly contaminated with residual magic.
The scorpion stings you. 😕 HP[-2] MP[-4]
You take 2 damage, and now have 46/48 hp.
You lost 4 mp, and now have 2/12 mp.
Unknown command.
Unknown command.
Casting: Ice Form (quite dangerous; 22% risk of failure)
Confirm with . or Enter, or press ? or * to list all spells.
You don't have enough magic to cast this spell.
Casting: Ice Form (quite dangerous; 22% risk of failure)
Confirm with . or Enter, or press ? or * to list all spells.
You grow a pair of large bovine horns.
You block the scorpion's attack.
The scorpion stings you but does no damage.
The scorpion stings you.
You are poisoned.
The scorpion poisons you! 😕 HP[-3]
You take 3 damage, and now have 43/48 hp.
You hit the scorpion. You headbutt the scorpion.
You feel very sick. The scorpion misses you. 😕 HP[-3]
You take 3 damage, and now have 40/48 hp.
You hit the scorpion.
You feel very sick. The scorpion stings you.
You are more poisoned.
The scorpion poisons you! 😮 HP[-8]
You take 8 damage, and now have 32/48 hp.
You hit the scorpion but do no damage. You headbutt the scorpion.
You feel very sick.
The scorpion closely misses you. 😮 HP[-3]
You take 3 damage, and now have 29/48 hp.
You hit the scorpion but do no damage. You headbutt the scorpion.
You feel very sick.
The scorpion stings you but does no damage. 😮 HP[-3]
You take 3 damage, and now have 26/48 hp.
Unknown command.
You hit the scorpion.
You feel very sick. The scorpion stings you.
* * * LOW HITPOINT WARNING * * *
😨 HP[-7]
You take 7 damage, and now have 19/48 hp.
You feel better.
The scorpion completely misses you. 😮 HP[+8]
You regained 8 hp, and now have 27/48 hp.
The scorpion closely misses you.
Unknown command.
You closely miss the scorpion. You headbutt the scorpion.
The scorpion misses you. 😮 MP[+1]
You closely miss the scorpion. Your headbutt misses the scorpion.
You block the scorpion's attack. 😮 HP[+1] Unknown command.
You hit the scorpion but do no damage. You headbutt the scorpion.
You kill the scorpion!
You hit the jelly. The acid corrodes you!
Your hands burn!
The jelly hits you.
* * * LOW HITPOINT WARNING * * *
You are splashed with acid!
* * * LOW HITPOINT WARNING * * *
😨 HP[-13]
You take 13 damage, and now have 15/48 hp.
MASSIVE DAMAGE!! (PAUSE)
Casting: Beastly Appendage (safe; 1% risk of failure)
Confirm with . or Enter, or press ? or * to list all spells.
Your horns disappear.
You turn into a venomous arachnid creature.
Your +1 robe melds into your body.
You block the jelly's attack. The jelly misses you. 😨 HP[+1] MP[-3]
You lost 3 mp, and now have 0/12 mp.
You bite the jelly!
The jelly looks as sick as possible!
Your front pincers burn!
* * * LOW HITPOINT WARNING * * *
The jelly closely misses you. 😱 HP[-4]
You take 4 damage, and now have 12/48 hp.
Unknown command.
You hit the jelly but do no damage. The acid corrodes you!
Your front pincers burn!
* * * LOW HITPOINT WARNING * * *
The jelly hits you.
* * * LOW HITPOINT WARNING * * *
You are splashed with acid!
You die...

Skill      XL: |  1  2  3  4  5  6  7 |
---------------+----------------------+-----
Transmutations | 3 4 5 6 7 |  7.1
Poison Magic   | 1 2 |  2.0
Unarmed Combat | 4 5 |  5.1
Spellcasting   | 3 |  3.7
Ice Magic      | 1 2 3 |  3.7
Fighting       | |  1.1
Dodging        | |  2.6

Action                     |  1- 3 |  4- 6 |  7- 9 || total
---------------------------+-------+-------+-------++-------
  Melee: Unarmed           |   100 |   200 |    61 ||   361
         Headbutt          |     9 |    21 |     5 ||    35
         Punch             |     3 |     7 |       ||    10
   Cast: Beastly Appendage |    17 |    33 |     1 ||    51
         Wereblood         |       |     3 |     2 ||     5
         Spider Form       |       |    11 |     6 ||    17
    Use: Potion            |     1 |     1 |     1 ||     3
         Scroll            |     4 |     8 |     2 ||    14
   Stab: Sleeping          |       |     1 |       ||     1
 Armour: Robe              |    26 |    29 |     2 ||    57
         Skin              |    16 |     5 |     3 ||    24
  Dodge: Dodged            |    91 |   118 |    30 ||   239
  Block: Other             |       |       |     7 ||     7

Levels and vault maps discovered:
D:1:      erik_arrival_orb_chamber, layout_basic, nicolae_grassy_gnolls
D:2:      layout_loops_ring, minmay_pentomino_x2
D:3:      layout_loops_ring, dreamdust_ecumenical_altar_drowned_temple,
          minmay_door_square
D:4:      cheibrodos_quashed, layout_rooms, uniq_blork_the_orc
D:5:      layout_basic, mainiacjoe_overflow_alcove_1, general_overflow_altar

Notes
Turn   | Place    | Note
-------+----------+-------------------------------------------
     0 | D:1      | kae the Merfolk Transmuter began the quest for the Orb.
     0 | D:1      | Reached XP level 1. HP: 15/15 MP: 3/3
     0 | D:1      | magus.rc [v1.11.3]
    37 | D:1      | HP: 1/15 [gnoll/+0 club (7)]
    39 | D:1      | Reached skill level 3 in Transmutations
    39 | D:1      | Reached XP level 2. HP: 2/21 MP: 3/5
   154 | D:1      | Reached skill level 1 in Poison Magic
   154 | D:1      | Reached XP level 3. HP: 26/26 MP: 6/6
   203 | D:1      | Learned a level 2 spell: Wereblood
   227 | D:1      | Learned a level 3 spell: Spider Form
   695 | D:1      | Reached skill level 4 in Transmutations
   912 | D:1      | You pick up a book of Winter and begin reading...
   912 | D:1      | You add the spells Ozocubu's Armour, Metabolic Englaciation
                  | and Simulacrum to your library.
  1239 | D:2      | Reached XP level 4. HP: 12/32 MP: 7/7
  1289 | D:1      | HP: 8/32 [poisoned by an adder]
  1294 | D:1      | HP: 3/32 [poisoned by an adder]
  1842 | D:2      | You fall into a shaft and drop 2 floors!
  2292 | D:2      | Identified a potion of experience
  2490 | D:3      | Reached skill level 4 in Unarmed Combat
  2490 | D:3      | Reached skill level 2 in Poison Magic
  2490 | D:3      | Reached XP level 5. HP: 19/37 MP: 3/9
  2494 | D:3      | Reached skill level 5 in Transmutations
  2716 | D:3      | You pick up a book of Blood and begin reading...
  2716 | D:3      | You add the spells Sublimation of Blood and Summon Hydra to
                  | your library.
  2824 | D:3      | Found a faded altar of an unknown god.
  2890 | D:3      | You pick up a book of Spectacle and begin reading...
  2890 | D:3      | You add the spells Volatile Blastmotes, Dazzling Flash,
                  | Iskenderun's Mystic Blast and Starburst to your library.
  3399 | D:3      | HP: 9/37 [poisoned by an adder]
  3400 | D:3      | HP: 4/37 [poisoned by an adder]
  3530 | D:4      | Reached skill level 3 in Spellcasting
  3530 | D:4      | Reached skill level 1 in Ice Magic
  3530 | D:4      | Reached XP level 6. HP: 43/43 MP: 2/10
  3565 | D:4      | Learned a level 4 spell: Ice Form
  3723 | D:4      | You pick up a book of Lightning and begin reading...
  3723 | D:4      | You add the spells Vhi's Electric Charge, Arcjolt and
                  | Plasma Beam to your library.
  3972 | D:4      | Noticed Blork the orc
  3986 | D:4      | Killed Blork the orc
  3987 | D:4      | Reached skill level 6 in Transmutations
  3987 | D:4      | Reached skill level 2 in Ice Magic
  4084 | D:4      | Reached XP level 7. HP: 45/48 MP: 8/12
  4303 | D:5      | Entered Level 5 of the Dungeon
  4520 | D:5      | Reached skill level 3 in Ice Magic
  4600 | D:5      | Reached skill level 5 in Unarmed Combat
  4600 | D:5      | Reached skill level 7 in Transmutations
  4653 | D:5      | You pick up a book of Misfortune and begin reading...
  4653 | D:5      | You add the spells Inner Flame, Yara's Violent Unravelling
                  | and Enfeeble to your library.
  4697 | D:5      | HP: 12/48 [acid (4)]
  4698 | D:5      | HP: 5/48 [jelly (2)]
  4698 | D:5      | Splashed by a jelly's acid

Vanquished Creatures
  An ice beast (D:5)
  An ogre (D:4)
  Blork the orc (D:4)
  2 scorpions
  An orc priest (D:3)
  A sleepcap (D:5)
  4 orc wizards
  2 gnolls (D:1)
  6 adders
  2 shadow imps
  2 worms (D:2)
  5 dart slugs
  15 orcs
  5 ball pythons
  9 endoplasms
  3 giant cockroaches
  5 goblins
  10 hobgoblins
  11 kobolds
  A quokka (D:1)
  7 bats
  4 frilled lizards
  5 rats
  A spectral goblin (D:3)
104 creatures vanquished.

Table legend:
 A = Non-vault XP
 B = Vault XP
 C = Vault XP percentage of total XP
 D = Non-vault monster count
 E = Vault monster count
 F = Vault count percentage of total count
                 A         B        C        D         E       F
            +---------+---------+-------+---------+---------+-------
      Total |     936 |     122 |  11.5 |      99 |       5 |   4.8
            +---------+---------+-------+---------+---------+-------
        D:1 |      71 |      14 |  16.5 |      28 |       1 |   3.4
        D:2 |      58 |       4 |   6.5 |      14 |       2 |  12.5
        D:3 |     112 |       1 |   0.9 |      24 |       1 |   4.0
        D:4 |     291 |     103 |  26.1 |      19 |       1 |   5.0
        D:5 |     404 |       0 |   0.0 |      14 |       0 |   0.0
            +---------+---------+-------+---------+---------+-------

Skill      XL: |  1  2  3  4  5  6  7 |
---------------+----------------------+-----
Transmutations | 3 4 5 6 7 |  7.1
Poison Magic   | 1 2 |  2.0
Unarmed Combat | 4 5 |  5.1
Spellcasting   | 3 |  3.7
Ice Magic      | 1 2 3 |  3.7
Fighting       | |  1.1
Dodging        | |  2.6

Action                     |  1- 3 |  4- 6 |  7- 9 || total
---------------------------+-------+-------+-------++-------
  Melee: Unarmed           |   100 |   200 |    61 ||   361
         Headbutt          |     9 |    21 |     5 ||    35
         Punch             |     3 |     7 |       ||    10
   Cast: Beastly Appendage |    17 |    33 |     1 ||    51
         Wereblood         |       |     3 |     2 ||     5
         Spider Form       |       |    11 |     6 ||    17
    Use: Potion            |     1 |     1 |     1 ||     3
         Scroll            |     4 |     8 |     2 ||    14
   Stab: Sleeping          |       |     1 |       ||     1
 Armour: Robe              |    26 |    29 |     2 ||    57
         Skin              |    16 |     5 |     3 ||    24
  Dodge: Dodged            |    91 |   118 |    30 ||   239
  Block: Other             |       |       |     7 ||     7

Illustrated notes

Table legend:
 A = Kills in this place as a percentage of kills in the entire game.
 B = Kills by you in this place as a percentage of kills by you in the entire game.
 C = Kills by friends in this place as a percentage of kills by friends in the entire game.
 D = Other kills in this place as a percentage of other kills in the entire game.
 E = Experience gained in this place as a percentage of experience gained in the entire game.
 F = Experience gained in this place divided by the number of levels of this place that you have seen.
                   A       B       C       D       E      F
               +-------+-------+-------+-------+-------+----------------------
         Total | 100.0 | 100.0 |   N/A |   N/A | 100.0 | 211.6
       Dungeon | 100.0 | 100.0 |   N/A |   N/A | 100.0 | 211.6
               +-------+-------+-------+-------+-------+----------------------

Table legend: (Time is in decaauts)
 A = Elapsed time spent in this place.
 B = Non-inter-level travel time spent in this place.
 C = Inter-level travel time spent in this place.
 D = Time resting spent in this place.
 E = Time spent auto-exploring this place.
 F = Levels seen in this place.
 G = Mean time per level.
                   A        B        C        D        E       F      G
               +--------+--------+--------+--------+--------+-----+--------+
         Total |   4657 |   4505 |    152 |    179 |   3487 |   5 |  931.4 |
       Dungeon |   4657 |   4505 |    152 |    179 |   3487 |   5 |  931.4 |
               +--------+--------+--------+--------+--------+-----+--------+

Top non-repeatable levels by time:
     D:1: 1352 daAuts
     D:3: 1141 daAuts
     D:2: 940 daAuts
     D:4: 901 daAuts
     D:5: 322 daAuts
